 Dungeon Crawl Stone Soup version 0.21.1-1-g345015f (webtiles) character file.

18 Iko the Sneak (level 2, 0/20 HPs)
             Began as a Ghoul Enchanter on May 4, 2018.
             Slain by a giant cockroach (1 damage)
             ... on level 2 of the Dungeon on May 5, 2018.
             The game lasted 00:05:10 (396 turns).

Iko the Sneak (Ghoul Enchanter)                      Turns: 396, Time: 00:05:11

Health: 0/20       AC:  4    Str: 11    XL:     2   Next: 70%
Magic:  3/4        EV: 12    Int: 10    God:
Gold:   9          SH:  0    Dex: 11    Spells: 4/5 levels left

rFire    . . .     SeeInvis .   a - +1 dagger
rCold    + . .     Gourm    .   (no shield)
rNeg     + + +     Faith    .   g - +1 leather armour
rPois    ∞         Spirit   .   (no helmet)
rElec    .         Reflect  .   (no cloak)
rCorr    .         Harm     .   (no gloves)
MR       .....                  (no boots)
Stlth    ++........             (no amulet)
HPRegen  0.00/turn              e - ring of positive energy
MPRegen  0.09/turn              f - +2 ring of dexterity

@: very slightly contaminated, rotting
A: rotting body, claws 1, carnivore, cold resistance 1, negative energy
resistance 3, inhibited regeneration, torment resistance, unbreathing
a: no special abilities


You were on level 2 of the Dungeon.
You were not hungry.

You visited 1 branch of the dungeon, and saw 2 of its levels.

You collected 9 gold pieces.

Inventory:

Hand Weapons
 a - a +1 dagger (weapon)
Armour
 g - a +1 leather armour (worn)
Jewellery
 e - a ring of positive energy (left claw)
 f - a +2 ring of dexterity (right claw)
Scrolls
 b - a scroll of enchant armour
Books
 c - a book of Maledictions

   Spells                             Type                      Level
   a - Corona                         Hexes                        1
   b - Ensorcelled Hibernation        Hexes/Ice                    2
   c - Confuse                        Hexes                        3
   d - Tukima's Dance                 Hexes                        3
   e - Dazzling Spray                 Conjuration/Hexes            3
Comestibles
 d - a ration


   Skills:
 + Level 1.3 Short Blades
 + Level 2.0 Dodging
 + Level 3.4 Stealth
 + Level 2.0 Spellcasting
 + Level 2.6 Hexes


You had 4 spell levels left.
You knew the following spells:

 Your Spells              Type           Power        Failure   Level  Hunger
a - Corona                Hex            #......      14%         1    ##.....


Dungeon Overview and Level Annotations

Branches:
Dungeon (2/15)

Altars:


Innate Abilities, Weirdness & Mutations

Your body is rotting away.
You thrive on raw meat.
You are immune to poison.
You have sharp fingernails.
You are carnivorous and can eat meat at any time.
Your flesh is cold resistant. (rC+)
You are immune to negative energy. (rN+++)
You do not regenerate when monsters are visible.
You are immune to unholy pain and torment.
You can survive without breathing.


Message History

Casting: Corona
Confirm with . or Enter, or press ? or * to list all spells.
Aiming: Corona
Press: ? - help, Shift-Dir - straight line, f/p - jackal
Aim: a jackal (severely wounded, softly glowing, chance to defeat MR: 58%)
You miscast Corona.
You are very lightly contaminated with residual magic.
Your claws glow momentarily.
The jackal barely misses you.
You hit the jackal.
You kill the jackal!
You hit the giant cockroach but do no damage.
The giant cockroach bites you but does no damage. x2
You closely miss the giant cockroach. The giant cockroach closely misses you.
You barely miss the giant cockroach. The giant cockroach barely misses you.
You barely miss the giant cockroach.
The giant cockroach bites you but does no damage.
You hit the giant cockroach.
The giant cockroach is almost dead.
The giant cockroach bites you.
You die...

#.# ..........
#.# ..#.#.#..#
#.# ....$....#
#<# .#.# #..#
#.# ... ..#
#.# ##.##.##.#
#.#
.........###.#
#.....s@.#
##########


You could see a giant cockroach.

Vanquished Creatures
  A leopard gecko (D:1)
  3 goblins (D:1)
  2 hobgoblins (D:1)
  4 jackals (D:2)
  2 bats (D:1)
  A frilled lizard (D:2)
  A kobold (D:1)
  A rat (D:1)
15 creatures vanquished.

Notes
Turn   | Place    | Note
-------+----------+-------------------------------------------
     0 | D:1      | Iko the Ghoul Enchanter began the quest for the Orb.
     0 | D:1      | Reached XP level 1. HP: 14/14 MP: 2/2
   151 | D:1      | Reached XP level 2. HP: 11/20 MP: 3/3
   210 | D:1      | Reached skill level 1 in Short Blades
   381 | D:2      | HP: 1/20 [jackal (1)]
   396 | D:2      | Slain by a giant cockroach

Skill      XL: |  1  2 |
---------------+-------+-----
Short Blades   | 1 |  1.3
Spellcasting   | 2 |  2.0
Dodging        | 2 |  2.0
Stealth        | |  3.4
Hexes          | |  2.6

Action                   || total
-------------------------++-------
Melee: Dagger            ||    81
 Cast: Corona            ||     2
  Use: Potion            ||     1
       Scroll            ||     1
Armor: Robe              ||     7
       Leather armour    ||    14
Dodge: Dodged            ||    53
